 Dungeon Crawl Stone Soup version 0.21-a0-401-g0b6bec4 (webtiles) character file.

24 Soborki the Grasshopper (level 3, 0/32 HPs)
             Began as a Naga Warper on Oct 24, 2017.
             Slain by a goblin (1 damage)
             ... led by Robin
             ... on level 2 of the Dungeon.
             The game lasted 00:17:18 (1019 turns).

Soborki the Grasshopper (Naga Warper)               Turns: 1019, Time: 00:17:18

Health: 0/32       AC:  2    Str: 14    XL:     3   Next: 2%
Magic:  6/6        EV:  9    Int: 13    God:
Gold:   33         SH:  0    Dex: 10    Spells: 2/6 levels left

rFire    . . .     SeeInvis +   a - +0 mace
rCold    . . .     Gourm    .   (no shield)
rNeg     + . .     Faith    .   b - +0 leather armour
rPois    +         Spirit   .   (no helmet)
rElec    .         Reflect  .   (no cloak)
rCorr    +         Harm     .   (no gloves)
MR       .....                  (no barding)
Stlth    ++........             (no amulet)
HPRegen  0.10/turn              j - ring of positive energy
MPRegen  0.10/turn              k - ring of resist corrosion

@: very slow
A: see invisible, deformed body, poison resistance, slowness 2, slow metabolism
1, spit poison 1, AC +1
a: Spit Poison


You were on level 2 of the Dungeon.
You were not hungry.

You visited 1 branch of the dungeon, and saw 2 of its levels.

You collected 33 gold pieces.

Inventory:

Hand Weapons
 a - a +0 mace (weapon)
 l - a +1 vampiric short sword
Missiles
 e - 3 tomahawks of dispersal (quivered)
 m - 3 needles of sleeping
 o - 15 poisoned needles
Armour
 b - a +0 leather armour (worn)
Jewellery
 j - a ring of positive energy (left hand)
 k - a ring of resist corrosion (right hand)
Scrolls
 d - a scroll of blinking
 g - a scroll of amnesia {unknown}
 i - a scroll of remove curse {unknown}
 n - a scroll of identify {unknown}
 p - a scroll of noise {unknown}
Potions
 h - a potion of resistance {unknown}
Books
 c - a book of Spatial Translocations

   Spells                             Type                      Level
   a - Blink                          Translocation                2
   b - Shroud of Golubria             Charms/Translocation         2
   c - Lesser Beckoning               Translocation                3
   d - Gell's Gravitas                Translocation                3
   e - Teleport Other                 Translocation                3
   f - Passage of Golubria            Translocation                4
Comestibles
 f - a bread ration


   Skills:
 - Level 2.0 Fighting
 * Level 2.9 Maces & Flails
 - Level 0.8 Throwing
 - Level 0.7 Armour
 - Level 1.7 Dodging
 + Level 2.0 Stealth
 - Level 2.0 Spellcasting
 - Level 3.0 Translocations


You had 2 spell levels left.
You knew the following spells:

 Your Spells              Type           Power        Failure   Level  Hunger
a - Blink                 Tloc           N/A          14%         2    ###....
b - Shroud of Golubria    Chrm/Tloc      #.........   26%         2    ###....


Dungeon Overview and Level Annotations

Branches:
Dungeon (2/15)

Altars:

Annotations:
D:2 Robin


Innate Abilities, Weirdness & Mutations

You cannot wear boots.
Your serpentine skin is tough. (AC +1)
You have supernaturally acute eyesight. (SInv)
Armour fits poorly on your strangely shaped body.
Your system is resistant to poisons. (rPois)
You cover ground very slowly.
You have a slow metabolism.
You can spit poison.


Message History

The goblin barely misses you. The goblin closely misses you.
A rat comes into view.
You hit Robin.
Robin is moderately wounded.
Robin closely misses you. The goblin hits you but does no damage.
There are monsters nearby!
There are monsters nearby!
There are monsters nearby!
There are monsters nearby!
There are monsters nearby!
There are monsters nearby!
You hit Robin but do no damage.
Robin is moderately wounded.
The goblin barely misses you.
You hit Robin.
Robin is severely wounded.
Robin hits you with a whip of electrocution.
* * * LOW HITPOINT WARNING * * *
The goblin hits you.
You die...

#.# #.# #...
#.# #...# #.#
#..%### #.#
....... #.#
....... #.#
........## #.#
#...#.gg#####.#
#....gggg@g...#
#...#rgg#######
# ##g## #. #.
#. .. ##


You could see Robin, a hobgoblin, 8 goblins and a rat.

Vanquished Creatures
  A leopard gecko (D:1)
  2 bats (D:1)
  A giant cockroach (D:1)
  6 goblins
  2 hobgoblins (D:1)
  A quokka (D:2)
  A frilled lizard (D:2)
  4 kobolds
  4 rats
22 creatures vanquished.

Notes
Turn   | Place    | Note
-------+----------+-------------------------------------------
     0 | D:1      | Soborki the Naga Warper began the quest for the Orb.
     0 | D:1      | Reached XP level 1. HP: 19/19 MP: 3/3
   224 | D:1      | Reached skill level 1 in Stealth
   224 | D:1      | Reached XP level 2. HP: 17/26 MP: 5/5
   231 | D:1      | Learned a level 2 spell: Blink
   234 | D:1      | Learned a level 2 spell: Shroud of Golubria
   968 | D:2      | Reached XP level 3. HP: 29/32 MP: 6/6
  1004 | D:2      | Noticed Robin
  1019 | D:2      | HP: 1/32 [Robin/whip of electrocution (5)]
  1019 | D:2      | Slain by a goblin

Vault maps used:
D:1:      onia_arrival_pentagram, minmay_tromino_i2
D:2:      grunt_ministairs_9, uniq_robin

Skill      XL: |  1  2 |
---------------+-------+-----
Stealth        | 1 2 |  2.0
Fighting       | |  2.0
Maces & Flails | |  2.9
Throwing       | |  0.8
Armour         | |  0.7
Dodging        | |  1.7
Spellcasting   | |  2.0
Translocations | |  3.0

Action                   || total
-------------------------++-------
Melee: Mace              ||    48
Throw: Tomahawk          ||     2
 Abil: Spit Poison       ||    18
  Eat: Bread ration      ||     1
Armor: Leather armour    ||    11
Dodge: Dodged            ||    32

Table legend:
 A = Spawn XP
 B = Non-spawn XP
 C = Spawn XP percentage of total XP
 D = Spawn monster count
 E = Non-spawn monster count
 F = Spawn count percentage of total count
 G = Total turns spent on level
                    A         B        C        D         E        F      G
               +---------+---------+-------+---------+---------+-------+---------
         Total |       0 |      35 |   0.0 |       0 |      22 |   0.0 |  1019
               +---------+---------+-------+---------+---------+-------+---------
           D:1 |       0 |      28 |   0.0 |       0 |      17 |   0.0 |   869
           D:2 |       0 |       7 |   0.0 |       0 |       5 |   0.0 |   150
               +---------+---------+-------+---------+---------+-------+---------
